 Dungeon Crawl Stone Soup version 0.31-a0-536-ga3e2962e35 (webtiles) character file.

Game seed: 1476353903439102973

15747 Conn the Thaumaturge (level 12, 0/72 HPs)
             Began as an Octopode Fire Elementalist on Aug 13, 2023.
             Was a Believer of Sif Muna.
             Killed by an exploding orc sorcerer (15 damage)
             ... ignited by their inner flame
             ... on level 2 of the Orcish Mines.
             The game lasted 00:40:50 (15328 turns).

Conn the Thaumaturge (Octopode Fire Elementalist)  Turns: 15328, Time: 00:40:50

Health: 0/72       AC:  1    Str:  7    XL:     12   Next: 30%
Magic:  2/35       EV: 19    Int: 29    God:    Sif Muna [**....]
Gold:   516        SH: 11    Dex: 16    Spells: 4/31 levels left

rFire   + . .        O - staff "Beukkear" {rF+ MP+9 Dex+4 Fire}
rCold   . . .        v - +0 buckler
rNeg    + . .        (helmet restricted)
rPois   +            h - amulet of reflection
rElec   .            p - +5 ring of evasion
rCorr   .            r - ring of positive energy
SInv    .            a - ring of poison resistance
Will    .....        K - +6 ring of intelligence
Stlth   ++++         (no ring)
HPRegen 0.32/turn    (no ring)
MPRegen 0.24/turn    (no ring)
                     (no ring)

%: reflection, clarity
@: no status effects
A: almost no armour, amphibious, 8 rings, camouflage 1, gelatinous body 1,
(nimble swimmer 1), tentacles, clarity, sense surroundings 1, noise suppression
a: Renounce Religion, Channel Magic


You were on level 2 of the Orcish Mines.
You worshipped Sif Muna.
Sif Muna was pleased with you.
You visited 3 branches of the dungeon, and saw 14 of its levels.
You also visited: Bailey.

You collected 912 gold pieces.
You spent 396 gold pieces at shops.

Inventory:

Hand Weapons
 e - a +0 dagger
 s - a +1 rapier
 J - a +1 longbow of electrocution
Missiles
 b - 2 curare-tipped darts
Armour
 v - a +0 buckler (worn)
 H - a +2 kite shield of cold resistance
Magical Staves
 O - the staff "Beukkear" (weapon) {rF+ MP+9 Dex+4 Fire}
   (You acquired it on level 10 of the Dungeon)

   [staff of fire]

   Base accuracy: +5 Base damage: 5 Base attack delay: 1.2 This weapon's minimum
   attack delay (0.6) is reached at skill level 12.
   Dex+4:     It affects your dexterity (+4).
   rF+:       It protects you from fire.
   MP+9:      It affects your magic capacity (+9).
   Fire:      It increases the power of your Fire spells.
   It falls into the 'Staves' category.
   It is a one-tentacled weapon.
 R - a staff of cold
Jewellery
 a - a ring of poison resistance (on tentacle)
 h - an amulet of reflection (around mantle)
 p - a +5 ring of evasion (left tentacle)
 r - a ring of positive energy (right tentacle)
 I - a ring of ice
 K - a +6 ring of intelligence (on tentacle)
Talismans
 i - a flux talisman
Wands
 y - a wand of polymorph (11)
 A - a wand of mindburst (8)
 B - a wand of flame (37)
 E - a wand of paralysis (3)
 N - a wand of digging (5)
Scrolls
 c - 8 scrolls of identify
 f - a scroll of revelation
 g - 4 scrolls of blinking
 j - 5 scrolls of enchant armour
 k - 4 scrolls of enchant weapon
 m - a scroll of amnesia
 n - 6 scrolls of teleportation
 u - 3 scrolls of fog
 M - a scroll of poison
 P - 2 scrolls of fear {unknown}
 Q - a scroll of immolation
Potions
 d - 4 potions of curing
 o - 3 potions of mutation
 q - a potion of lignification
 t - 2 potions of magic
 w - a potion of berserk rage
 x - 7 potions of might
 z - a potion of brilliance
 C - 7 potions of invisibility
 D - 2 potions of enlightenment
 F - 5 potions of heal wounds
 G - 2 potions of resistance
 L - a potion of haste


   Skills:
 + Level 2.8 Fighting
 + Level 3.6 Short Blades
 + Level 0.1 Staves
 + Level 3.9 Dodging
 - Level 6.0 Stealth
 * Level 5.6 Shields
 + Level 10.2 Spellcasting
 * Level 7.2 Conjurations
 + Level 2.8 Hexes
 + Level 4.2 Summonings
 + Level 10.0 Fire Magic
 * Level 4.4 Ice Magic


You had 4 spell levels left.
You knew the following spells:

 Your Spells              Type           Power      Damage    Failure   Level
a - Foxfire               Conj/Fire      100%       2x1d9     1%          1
b - Scorch                Fire           100%       2d9       1%          2
c - Inner Flame           Hex/Fire       67%        N/A       1%          3
d - Flame Wave            Conj/Fire      77%        2d17      1%          4
e - Hailstorm             Conj/Ice       48%        3d11      1%          3
f - Summon Guardian Gole  Hex/Summ       35%        N/A       3%          3
g - Summon Small Mammal   Summ           100%       N/A       1%          1
h - Call Canine Familiar  Summ           39%        N/A       3%          3
i - Summon Ice Beast      Ice/Summ       39%        N/A       10%         4
j - Stone Arrow           Conj/Erth      70%        3d11      3%          3

Your spell library contained the following spells:

 Spells                   Type           Power      Damage    Failure   Level
 Sticky Flame             Conj/Fire      77%        2d9       1%          4
 Volatile Blastmotes      Fire/Tloc      100%       2d18      2%          3
 Sublimation of Blood     Necr           14%        N/A       9%          2
 Wereblood                Tmut           14%        N/A       9%          2
 Summon Lightning Spire   Summ/Air       27%        N/A       24%         4
 Lee's Rapid Deconstruct  Erth           7%         3d6*      83%         5
 Simulacrum               Ice/Necr       13%        N/A       98%         6
 Summon Hydra             Summ           19%        N/A       100%        7
 Lehudib's Crystal Spear  Conj/Erth      17%        10d5      100%        8
 Animate Armour           Summ/Erth      Unusable   N/A       N/A         4

Dungeon Overview and Level Annotations

Branches:
Dungeon (11/15)            Temple (1/1) D:7            Lair (0/5) D:11
    Orc (2/2) D:11         Bailey (visited)
    Elf: Orc:2

Altars:
Ashenzari
Cheibriados
Dithmenos
Elyvilon
Fedhas
Gozag
Hepliaklqana
Kikubaaqudgha
Makhleb
Nemelex Xobeh
Okawaru
Qazlal
Ru
Sif Muna
Trog
Uskayaw
Vehumet
Wu Jian
Xom
Yredelemnul
Zin
The Shining One

Shops:
D:5 =(   D:6 **   D:7 [*   D:8 *


Innate Abilities, Weirdness & Mutations

You cannot wear most types of armour.
You are amphibious.
You can wear up to eight rings at the same time.
Your skin changes colour to match your surroundings (Stealth+).
Your rubbery body absorbs attacks. (AC +1, EV +1)
((You are camouflaged when in or above water. (Stealth+)))
You have tentacles for arms and can constrict up to eight enemies at once.
You possess an exceptional clarity of mind.
You passively map a small area around you.
You passively dampen the noise of your surroundings.


Message History

The orc sorcerer casts a spell at you. The bolt of fire hits you! You resist.
Unknown command.
Unknown command.
Aiming: Mindburst
Press: ? - help, Shift-Dir - straight line, f/p - orc sorcerer
Aim: an orc sorcerer, wielding a +0 dagger and wearing a +0 robe (heavily wounded, inner flame, chance to affect: 47%)
Okay, then.
Unknown command.
Unknown command.
Unknown command.
Unknown command.
The orc warrior attacks as you move away!
You block the orc warrior's attack.
The orc sorcerer attacks as you move away!
The orc sorcerer hits you with a +0 dagger.
There is a stone staircase leading up here.
Casting: Foxfire (safe; 1% risk of failure)
Confirm with . or Enter, or press ? or * to list all spells.
Casting: Flame Wave (dangerous; 1% risk of failure)
Press: ? - help, Dir - look around, f - activate You feel a surge of power!
A wave of flame ripples out!
The flame wave engulfs the orc warrior!!
The orc warrior is almost dead.
The flame wave engulfs the warg!
The warg is severely wounded.
The flame wave engulfs the orc sorcerer!
Flame seeps out of the orc sorcerer.
The orc sorcerer is almost dead. (Press . to intensify the flame waves.)
The warg bites you! The warg barely misses you.
The orc warrior hits you with a +0 mace!
* * * LOW HITPOINT WARNING * * *
The orc sorcerer is engulfed in blazing flames.
Sif Muna accepts your kill.
The orc sorcerer explodes!
The fiery explosion engulfs the orc wizard!
The orc wizard is almost dead.
The fiery explosion engulfs you! You resist.
You die...

#...))#..
#....○..#
##..o....#
#........#
##......##
###.)...#
#...o§.# *
##.oh○§#
###@§§#
*#...## *
*#...## * ,
* * #.....*
, .......,
, *
......... ,
#.........
^, ,
#..........
, ,,


You could see a warg, 2 orc warriors and an orc wizard.

Vanquished Creatures
  Fannar (D:11)
  A boulder beetle (D:11)
  2 two-headed ogres (D:11)
  An orc high priest (Orc:2)
  The ghost of Conn the Thaumaturge, a novice OpFE of Sif Muna (D:8)
  An orc sorcerer (Orc:2)
  An orc knight (Bailey)
  A moth of wrath (D:3)
  A manticore (D:6)
  Joseph (D:9)
  A gargoyle (D:10)
  A komodo dragon (D:11)
  5 trolls
  Grinder (D:3)
  Sigmund (D:4)
  2 shadows
  A wyvern (D:9)
  A wraith (D:11)
  A ynoxinul (D:8)
  17 yaks
  8 vampire mosquitoes
  A steam dragon (D:8)
  2 acid dragons (D:9)
  3 water moccasins
  9 orc warriors
  2 sky beasts (D:6)
  An ice beast (D:7)
  3 black bears
  3 ogres
  2 centaurs
  2 kobold brigands
  6 bullfrogs
  3 scorpions
  An electric eel (D:6)
  2 howler monkeys (D:6)
  A crimson imp (D:8)
  Crazy Yiuf (D:4)
  A jelly (D:8)
  11 orc priests
  4 sleepcaps
  A hound (D:5)
  Terence (D:2)
  Natasha (thrice) (D:3)
  3 iguanas
  16 orc wizards
  A mummy (D:3)
  Robin (D:3)
  9 gnolls
  5 adders
  3 shadow imps
  3 white imps
  2 ufetubi
  2 worms (D:3)
  3 dart slugs
  52 orcs
  7 bats
  8 endoplasms
  A giant cockroach (D:2)
  16 goblins
  8 hobgoblins
  8 quokkas
  7 ball pythons
  10 frilled lizards
  5 kobolds
  11 rats
294 creatures vanquished.

Vanquished Creatures (collateral kills)
  3 kobolds (D:10)
  A foxfire (D:4)
4 creatures vanquished.

Vanquished Creatures (others)
  583 foxfires
583 creatures vanquished.

Grand Total: 881 creatures vanquished

Notes
Turn   | Place    | Note
-------+----------+-------------------------------------------
     0 | D:1      | Conn the Octopode Fire Elementalist began the quest for the
                  | Orb.
     0 | D:1      | Reached XP level 1. HP: 11/11 MP: 3/3
   128 | D:1      | Reached XP level 2. HP: 17/17 MP: 0/5
   643 | D:1      | Reached XP level 3. HP: 21/21 MP: 3/6
  1426 | D:2      | Learned a level 2 spell: Scorch
  1430 | D:2      | Learned a level 3 spell: Inner Flame
  1801 | D:2      | Noticed Terence
  1807 | D:2      | Reached XP level 4. HP: 27/27 MP: 3/7
  2048 | D:2      | Killed Terence
  2592 | D:3      | Noticed Natasha
  2597 | D:3      | Killed Natasha
  2598 | D:3      | Reached XP level 5. HP: 31/31 MP: 2/9
  2612 | D:3      | Noticed Natasha
  2616 | D:3      | Killed Natasha
  2692 | D:3      | Found a sacrificial altar of Ru.
  2850 | D:3      | Noticed Robin
  2859 | D:3      | Noticed Grinder
  2911 | D:3      | Killed Robin
  3060 | D:3      | Noticed Natasha
  3061 | D:3      | Found a snail-covered altar of Cheibriados.
  3069 | D:3      | Killed Natasha
  3169 | D:3      | Killed Grinder
  3170 | D:3      | Reached skill level 1 in Short Blades
  3170 | D:3      | Reached XP level 6. HP: 37/37 MP: 1/12
  3348 | D:3      | Noticed a moth of wrath
  3352 | D:3      | Found a bloodstained altar of Trog.
  3598 | D:3      | Killed a moth of wrath
  3599 | D:3      | Reached skill level 1 in Shields
  3599 | D:3      | Reached skill level 5 in Spellcasting
  3599 | D:3      | Reached skill level 5 in Fire Magic
  3599 | D:3      | Reached XP level 7. HP: 42/42 MP: 2/14
  4244 | D:4      | Reached XP level 8. HP: 41/47 MP: 1/15
  4672 | D:4      | Noticed Sigmund
  4679 | D:4      | Killed Sigmund
  4848 | D:4      | Found an iron altar of Okawaru.
  5010 | D:4      | Found a runed translucent door.
  5011 | D:4      | Noticed Crazy Yiuf
  5016 | D:4      | Killed Crazy Yiuf
  5408 | D:5      | Entered Level 5 of the Dungeon
  5471 | D:5      | Reached skill level 1 in Fighting
  5471 | D:5      | Reached skill level 1 in Hexes
  5505 | D:5      | Found a hide-covered altar of Uskayaw.
  5755 | D:5      | Reached XP level 9. HP: 53/53 MP: 10/19
  5806 | D:5      | Found Tutavoil's Antique Weapon Emporium.
  5853 | D:5      | Found Pater's Jewellery Emporium.
  5944 | D:5      | Found a glowing silver altar of Zin.
  5944 | D:5      | Found a white marble altar of Elyvilon.
  5946 | D:5      | Found a glowing golden altar of the Shining One.
  6314 | D:5      | Learned a level 4 spell: Flame Wave
  6318 | D:5      | Learned a level 3 spell: Hailstorm
  6322 | D:5      | Learned a level 3 spell: Summon Guardian Golem
  6324 | D:5      | Learned a level 1 spell: Summon Small Mammal
  6328 | D:5      | Learned a level 3 spell: Call Canine Familiar
  6565 | D:6      | Found Racrer's General Store.
  6567 | D:6      | Found Morhakk's Specific Store.
  6651 | D:6      | Found a stormy altar of Qazlal.
  7121 | D:6      | Found a large runed translucent door.
  7122 | D:6      | Found a large runed translucent door.
  7123 | D:6      | Found a large runed translucent door.
  7123 | D:6      | Found a large runed translucent door.
  7174 | D:6      | Found a broken altar of Ashenzari.
  7279 | D:6      | Reached skill level 1 in Summonings
  7589 | D:6      | Reached skill level 5 in Stealth
  7592 | D:6      | Noticed a manticore
  7598 | D:6      | Killed a manticore
  7841 | D:6      | Reached XP level 10. HP: 49/58 MP: 10/21
  8369 | D:6      | Bought a +6 ring of intelligence for 396 gold pieces
  8381 | D:6      | Learned a level 4 spell: Summon Ice Beast
  8403 | D:7      | You fall into a shaft and drop 1 floor!
  8434 | D:8      | Found Qygasoge's General Store.
  8558 | D:8      | Found a runed translucent door.
  8564 | D:8      | Noticed Conn's ghost (novice OpFE)
  8574 | D:8      | Gained mutation: You are dopey. (Int -2) [potion of
                  | mutation]
  8575 | D:8      | Lost mutation: You are dopey. (Int -2) [potion of mutation]
  8575 | D:8      | Gained mutation: You passively map a small area around you.
                  | [potion of mutation]
  8575 | D:8      | Gained mutation: You passively dampen the noise of your
                  | surroundings. [potion of mutation]
  8575 | D:8      | Gained mutation: You possess an exceptional clarity of
                  | mind. [potion of mutation]
  8638 | D:8      | Reached skill level 5 in Conjurations
  8806 | D:8      | Found a flagged portal.
  8813 | Bailey   | Entered a bailey
  9007 | Bailey   | Noticed an orc knight
  9022 | Bailey   | Killed an orc knight
  9363 | D:7      | Found Luuwk's Antique Armour Boutique.
  9734 | D:7      | Found a staircase to the Ecumenical Temple.
  9741 | Temple   | Entered the Ecumenical Temple
  9985 | D:7      | Found a blossoming altar of Fedhas.
  9986 | D:7      | Found a shimmering altar of Xom.
 10069 | D:7      | Found Baef's Mail-Order Catalogue.
 10832 | D:8      | Killed Conn's ghost
 11245 | D:9      | Found a burning altar of Makhleb.
 11257 | D:9      | Reached XP level 11. HP: 66/66 MP: 17/23
 11353 | D:9      | Found an opulent altar of Gozag.
 11387 | D:9      | Reached skill level 1 in Ice Magic
 11688 | D:9      | Noticed Joseph
 11695 | D:9      | Killed Joseph
 11800 | D:9      | Found a shimmering blue altar of Sif Muna.
 11804 | D:9      | Became a worshipper of Sif Muna the Loreminder
 12030 | D:10     | Entered Level 10 of the Dungeon
 12073 | D:10     | Identified a scroll of acquirement
 12073 | D:10     | Acquired the staff "Beukkear" {rF+ MP+9 Dex+4 Fire}
 12633 | D:10     | Found a runed translucent door.
 12768 | D:10     | Reached * piety under Sif Muna
 13390 | D:10     | Learned a level 3 spell: Stone Arrow
 13511 | D:11     | Noticed a boulder beetle
 13538 | D:11     | Killed a boulder beetle
 13749 | D:11     | Noticed a two-headed ogre
 13761 | D:11     | Killed a two-headed ogre
 13851 | D:11     | Noticed Fannar
 13866 | D:11     | Killed Fannar
 13867 | D:11     | Reached skill level 5 in Shields
 13871 | D:11     | Reached XP level 12. HP: 71/72 MP: 5/25
 14070 | D:11     | Found a staircase to the Orcish Mines.
 14321 | D:11     | Noticed a two-headed ogre
 14327 | D:11     | Killed a two-headed ogre
 14367 | D:11     | Found a staircase to the Lair.
 14946 | Orc:1    | Entered Level 1 of the Orcish Mines
 14953 | Orc:1    | Reached skill level 10 in Spellcasting
 14954 | Orc:1    | Reached ** piety under Sif Muna
 15193 | Orc:1    | Found a burning altar of Makhleb.
 15294 | Orc:2    | Entered Level 2 of the Orcish Mines
 15310 | Orc:2    | Noticed an orc high priest
 15316 | Orc:2    | Killed an orc high priest
 15317 | Orc:2    | Reached skill level 10 in Fire Magic
 15328 | Orc:2    | Killed by an exploding orc sorcerer... ignited by their
                  | inner flame

Illustrated notes

Levels and vault maps discovered:
D:1:      evilmike_arrival_grusome_pit, layout_basic
D:2:      layout_loops_ring, minmay_lizard_pond, uniq_terence
D:3:      layout_basic, tgw_trog, mainiacjoe_overflow_brackets, slow_altar_1,
          uniq_natasha, uniq_grinder, uniq_robin
D:4:      layout_layer_cave, kennysheep_mini, uniq_sigmund,
          uniq_crazy_yiuf_cottage
D:5:      layout_basic, dreamdust_divine_triumvirate,
          lemuel_coloured_pillars_altar, serial_shops,
          nicolae_shop_gaudy_bauble, nicolae_shop_peninsula
D:6:      layout_gridville, nicolae_qazlal_style_of_elements,
          nicolae_overflow_crystal_walls, minmay_misc_feat_chi,
          chequers_serial_rivers_room_a, nicolae_specific_store,
          serial_bayou_pond_b, minmay_hollow_rounded_squares
D:7:      layout_loops_ring, mainiacjoe_overflow_divided_tiny,
          minmay_temple_entry_junction_2, serial_shops, shop,
          monkooky_shop_mail_order
D:8:      layout_loops_ring, serial_shops, nicolae_diamond_shop, enter_bailey_2,
          hellmonk_ghost_big_iron, minmay_fire_ice_demons
D:9:      layout_loops_ring, lightli_temple_of_fire, nicolae_gozag_seed_capital,
          mainiacjoe_overflow_alcove_4, serial_rivers,
          chequers_serial_rivers_small_a, chequers_serial_rivers_small_3,
          chequers_serial_rivers_micro_c, chequers_serial_rivers_micro_a,
          uniq_joseph
D:10:     layout_basic, lightli_church_of_beogh
D:11:     layout_grid_maze, david_lair_shrubbed, david_orc_2,
          minmay_misc_feat_secret_circle, uniq_fannar
Temple:   nicolae_temple_bog_church
Orc:1:    layout_caves, basic_altar, serial_shops,
          nicolae_shop_bloodbath_and_beyond, uniq_snorg
Orc:2:    grunt_orc_cross, layout_diamond_mine,
          gammafunk_ghost_berserking_beasts, uniq_donald

Skill      XL: |  1  2  3  4  5  6  7  8  9 10 11 12 |
---------------+-------------------------------------+-----
Stealth        | 3 4 5 6 |  6.0
Spellcasting   | 3 4 5 6 7 8 9 10 | 10.2
Conjurations   | 2 3 4 5 6 7 |  7.2
Fire Magic     | 4 5 6 7 8 9 10 | 10.0
Short Blades   | 1 2 3 |  3.6
Shields        | 1 3 5 |  5.6
Fighting       | 1 2 |  2.8
Dodging        | 3 |  3.9
Hexes          | 2 |  2.8
Summonings     | 2 4 |  4.2
Ice Magic      | 3 4 |  4.4
Staves         | |  0.1

Action                     |  1- 3 |  4- 6 |  7- 9 | 10-12 || total
---------------------------+-------+-------+-------+-------++-------
  Melee: Dagger            |    22 |     6 |       |       ||    28
         Constrict         |     5 |    12 |     9 |    24 ||    50
         Unarmed           |     1 |       |       |       ||     1
         Tentacles         |     5 |     6 |     9 |    32 ||    52
         Rapier            |       |    40 |    44 |   106 ||   190
         Punch             |       |       |     1 |     3 ||     4
         Staff             |       |       |       |     5 ||     5
   Cast: Foxfire           |    61 |    43 |    80 |   153 ||   337
         Scorch            |       |    24 |    42 |    72 ||   138
         Inner Flame       |       |     1 |    10 |    22 ||    33
         Flame Wave        |       |       |     5 |    25 ||    30
         Summon Guardian G |       |       |       |     5 ||     5
         Summon Ice Beast  |       |       |       |     1 ||     1
    Use: Scroll            |       |       |     4 |    18 ||    22
         Potion            |       |       |     3 |     3 ||     6
   Stab: Sleeping          |     4 |     3 |     7 |    18 ||    32
 Armour: Skin              |     3 |     3 |     3 |     2 ||    11
  Dodge: Dodged            |    16 |    46 |    62 |    96 ||   220
  Block: Other             |     6 |    19 |    19 |    16 ||    60
         Reflection        |       |     1 |       |     5 ||     6
         Buckler           |       |       |       |    42 ||    42

Table legend: (Time is in decaauts)
 A = Elapsed time spent in this place.
 B = Non-inter-level travel time spent in this place.
 C = Inter-level travel time spent in this place.
 D = Time resting spent in this place.
 E = Time spent auto-exploring this place.
 F = Levels seen in this place.
 G = Mean time per level.
                   A        B        C        D        E       F      G
               +--------+--------+--------+--------+--------+-----+--------+
         Total |  15328 |  14836 |    492 |   1144 |  10079 |  15 | 1021.9 |
       Dungeon |  14397 |  13906 |    491 |    845 |   9943 |  11 | 1308.8 |
        Temple |     52 |     52 |      0 |      0 |      0 |   1 |   52.0 |
  Orcish Mines |    381 |    381 |      0 |    138 |     72 |   2 |  190.5 |
        Bailey |    497 |    497 |      0 |    161 |     64 |   1 |  497.0 |
               +--------+--------+--------+--------+--------+-----+--------+

Top non-repeatable levels by time:
     D:6: 1879 daAuts
     D:3: 1798 daAuts
    D:11: 1491 daAuts
    D:10: 1424 daAuts
     D:1: 1421 daAuts
     D:4: 1178 daAuts
     D:5: 1147 daAuts
     D:8: 1089 daAuts
     D:9: 1075 daAuts
     D:2: 1015 daAuts
     D:7: 876 daAuts
  Bailey: 497 daAuts
   Orc:1: 348 daAuts
  Temple: 52 daAuts
   Orc:2: 33 daAuts
